[Event "Wednesday Night Engine Tour 11 Rd Swiss 5m+1s Starts at 2200hrs ST"]
[Site "Infinity Chess"]
[Date "2018.4.4"]
[Round "6"]
[White "MarioDeMonti"]
[Black "RonWeasley"]
[Result "1/2-1/2"]
[ECO "C07"]
[WhiteElo "2535"]
[BlackElo "2535"]
[WhiteEngine "stockfish_x64_bmi2_2018_02_18_CTG"]
[BlackEngine "BrainFish 010418 WM_CTG"]
[EventType "Swiss"]
[WhiteTeam ""]
[BlackTeam ""]
[PlyCount "101"]
[TimeControl "300+1"]

1. e4 e6 2. d4 d5 3. Nd2 c5 4. Ngf3 cxd4 5. exd5 Qxd5 6. Bc4 Qd6 7. O-O Nf6 
8. Nb3 Nc6 9. Nbxd4 Nxd4 10. Qxd4 Qxd4 11. Nxd4 Bd7 12. Bf4 Rc8 13. Bb3 Bc5 
14. Rad1 O-O 15. c3 Rfd8 16. h3 h6 17. Rfe1 b5 18. Nc2 a5 19. a3 a4 20. Ba2 Bc6 
21. Be3 Rxd1 22. Rxd1 Bd5 23. Bxd5 Nxd5 24. Bxc5 Rxc5 25. Ne3 Kf8 26. Nxd5 Rxd5 
27. Rxd5 exd5 28. Kf1 Ke7 29. Ke2 Kd6 30. h4 Kc5 31. Kd3 h5 32. f3 f6 33. g4 g6 
34. f4 f5 35. g5 Kc6 36. Ke3 Kc7 37. Kf3 Kb6 38. Ke3 Kc6 39. Kd4 Kd6 40. Ke3 Ke6 
41. Kf3 d4 42. Ke2 dxc3 43. bxc3 Kd7 44. Ke3 Kc6 45. Kd4 Kd6 46. c4 bxc4 
47. Kxc4 Kc6 48. Kd4 Kd6 49. Kc4 Kc6 50. Kd4 Kd6 51. Kc4 1/2-1/2

[Event "Wednesday Night Engine Tour 11 Rd Swiss 5m+1s Starts at 2200hrs ST"]
[Site "Infinity Chess"]
[Date "2018.4.4"]
[Round "6"]
[White "Deep_Impact"]
[Black "OlivierEvan"]
[Result "1/2-1/2"]
[ECO "B90"]
[WhiteElo "2539"]
[BlackElo "2472"]
[WhiteEngine "kt-2016.00b"]
[BlackEngine "Houdini 6"]
[EventType "Swiss"]
[WhiteTeam ""]
[BlackTeam ""]
[PlyCount "104"]
[TimeControl "300+1"]

1. e4 c5 2. Nf3 d6 3. d4 cxd4 4. Nxd4 Nf6 5. Nc3 a6 6. Be3 e5 7. Nb3 Be6 
8. f3 h5 9. Qd2 Nbd7 10. Nd5 Bxd5 11. exd5 g6 12. Be2 Bg7 13. O-O b6 14. c4 O-O 
15. Rae1 Re8 16. Bf2 Qc7 17. Bd3 Kh7 18. a4 Bh6 19. Qd1 Bg5 20. Nd2 Nc5 
21. Bc2 Kg7 22. Nb1 b5 23. axb5 axb5 24. cxb5 Ra2 25. b4 Ncd7 26. Re2 Nb6 
27. Bb3 Rxe2 28. Qxe2 Nbxd5 29. Rd1 Nf4 30. Qc4 Qxc4 31. Bxc4 d5 32. Bf1 d4 
33. h4 Bh6 34. Nd2 Rb8 35. g3 N4d5 36. Nc4 Rxb5 37. Nxe5 Rxb4 38. Rxd4 Rxd4 
39. Bxd4 Be3+ 40. Bxe3 Nxe3 41. Bb5 Nfd5 42. Kf2 f6 43. Nd7 g5 44. hxg5 fxg5 
45. Nc5 Nd1+ 46. Kg2 N5e3+ 47. Kh3 Nf2+ 48. Kh2 Kf6 49. Kg1 Nh3+ 50. Kh2 Nf2 
51. Kg1 Nh3+ 52. Kh2 Nf2 1/2-1/2

[Event "Wednesday Night Engine Tour 11 Rd Swiss 5m+1s Starts at 2200hrs ST"]
[Site "Infinity Chess"]
[Date "2018.4.4"]
[Round "6"]
[White "KRAKEN"]
[Black "Seliga"]
[Result "1/2-1/2"]
[ECO "D31"]
[WhiteElo "2567"]
[BlackElo "2523"]
[WhiteEngine "Raubfisch X38_CTG"]
[BlackEngine "SF9 ''M24''_CTG"]
[EventType "Swiss"]
[WhiteTeam ""]
[BlackTeam ""]
[PlyCount "180"]
[TimeControl "300+1"]

1. d4 d5 2. c4 e6 3. Nc3 c6 4. e3 Nf6 5. Nf3 Nbd7 6. Qc2 Bd6 7. Bd3 O-O 
8. O-O dxc4 9. Bxc4 a6 10. a4 c5 11. b3 cxd4 12. exd4 b6 13. Ne4 Nxe4 
14. Qxe4 Ra7 15. Qe2 Bb7 16. Ne5 Nf6 17. Bd3 a5 18. Rd1 Bd5 19. Nc4 Bc7 
20. Bg5 h6 21. Bh4 Ba8 22. Bc2 g5 23. Bg3 Bxg3 24. hxg3 Rd7 25. Qe5 Kg7 
26. Rd2 Rd5 27. Qe3 Bb7 28. Re1 Qc7 29. Ne5 Rdd8 30. f4 Nd5 31. Qf2 Qc3 
32. Nc4 Rfe8 33. Rd3 Qb4 34. Rd2 Qc3 35. fxg5 hxg5 36. Rd3 Qb4 37. Rf3 Qe7 
38. Qd2 Nb4 39. Ne3 Qd6 40. Rf2 Qxd4 41. Qxd4+ Rxd4 42. Nf5+ exf5 43. Rxe8 Nxc2 
44. Rxc2 Be4 45. Rb2 Rb4 46. Re5 Bc6 47. Rf2 Bd7 48. Rd2 Kf6 49. Re3 Be6 
50. Rdd3 Kg7 51. Kf2 Kg6 52. Rc3 Kf6 53. Red3 Ke5 54. Rc2 Kf6 55. Kg1 Ke5 
56. Re2+ Kf6 57. Ree3 Kg6 58. Re5 Kf6 59. Re1 Ke7 60. Re2 Kf6 61. Ra2 Ke5 
62. Rc2 Kf6 63. Re2 b5 64. axb5 Rxb5 65. Ree3 Ke7 66. Rc3 Kf8 67. Kh2 Kg7 
68. Rcd3 Kf6 69. Rd6 Kg7 70. Rdd3 Kg6 71. Rc3 Kf6 72. Rc6 Ke7 73. Rc7+ Kf6 
74. Rc6 Ke7 75. Kg1 Kd7 76. Rcc3 Ke7 77. Kf2 Kf8 78. Kg1 Kg7 79. Kf2 Kf8 
80. Rc7 Bxb3 81. Rce7 a4 82. R3e5 Bd5 83. Re8+ Kg7 84. Rxf5 a3 85. Rxg5+ Kf6 
86. Rg4 a2 87. Rf4+ Kg7 88. Rg4+ Kf6 89. Rf4+ Kg7 90. Rg4+ Kf6 1/2-1/2

[Event "Wednesday Night Engine Tour 11 Rd Swiss 5m+1s Starts at 2200hrs ST"]
[Site "Infinity Chess"]
[Date "2018.4.4"]
[Round "5"]
[White "SkyPilot"]
[Black "star99"]
[Result "1/2-1/2"]
[ECO "D15"]
[WhiteElo "2495"]
[BlackElo "2474"]
[WhiteEngine "stockfish_x64_bmi2_2018_03_30_CTG"]
[BlackEngine "Cryptic Heroes 9.3B"]
[EventType "Swiss"]
[WhiteTeam ""]
[BlackTeam ""]
[PlyCount "115"]
[TimeControl "300+1"]

1. d4 d5 2. c4 c6 3. Nf3 Nf6 4. Nc3 e6 5. Bg5 h6 6. Bxf6 Qxf6 7. e3 Qd8 
8. Qc2 Nd7 9. Be2 Be7 10. Rc1 a6 11. O-O b6 12. e4 dxe4 13. Nxe4 c5 14. d5 exd5 
15. cxd5 Bb7 16. d6 Bf6 17. Rfe1 O-O 18. Bd3 Rc8 19. b3 Kh8 20. Rcd1 Ne5 
21. Qe2 Nxf3+ 22. Qxf3 Bd4 23. Qf4 Rc6 24. g4 Rc8 25. Ng3 Qg5 26. Qxg5 hxg5 
27. Be4 Bxe4 28. Nxe4 Rcd8 29. Nxg5 Rxd6 30. Kg2 g6 31. Re7 Kg8 32. Nf3 Rfd8 
33. Ra7 a5 34. Ng5 R6d7 35. Rxd7 Rxd7 36. Nf3 f5 37. gxf5 gxf5 38. Re1 Kf7 
39. Re5 Kf6 40. Re8 a4 41. bxa4 Rg7+ 42. Kf1 Ra7 43. Nxd4 cxd4 44. Rb8 Rxa4 
45. Rxb6+ Ke5 46. Ke2 Rxa2+ 47. Kf3 Ra3+ 48. Ke2 Ra2+ 49. Kf3 Ra3+ 50. Ke2 Rh3 
51. Rb8 d3+ 52. Kd2 Ke4 53. Re8+ Kf4 54. Re3 Rxh2 55. Rxd3 Rxf2+ 56. Ke1 Rf3 
57. Rd6 Re3+ 58. Kf2 1/2-1/2

[Event "Wednesday Night Engine Tour 11 Rd Swiss 5m+1s Starts at 2200hrs ST"]
[Site "Infinity Chess"]
[Date "2018.4.4"]
[Round "5"]
[White "KillBill2017"]
[Black "KULLANI"]
[Result "1/2-1/2"]
[ECO "C50"]
[WhiteElo "2505"]
[BlackElo "2424"]
[WhiteEngine "Raubfisch ME262_GTZ17_CTG"]
[BlackEngine "BrainFish_180329_x64"]
[EventType "Swiss"]
[WhiteTeam ""]
[BlackTeam ""]
[PlyCount "92"]
[TimeControl "300+1"]

1. e4 e5 2. Nf3 Nc6 3. Bc4 Bc5 4. O-O Nf6 5. d3 O-O 6. c3 d6 7. Bg5 h6 8. Bh4 a5 
9. a4 g5 10. Bg3 Kg7 11. Na3 Ne7 12. Re1 Ng6 13. d4 exd4 14. Nxd4 Re8 15. f3 Ne5 
16. Bb5 c6 17. Be2 Nh5 18. Bf2 Nf4 19. Bf1 Qf6 20. Be3 Be6 21. Kh1 Kg8 
22. Nac2 Bd7 23. b4 axb4 24. cxb4 Ba7 25. a5 Red8 26. b5 cxb5 27. Nxb5 Bc5 
28. Qd2 Bxb5 29. Bxb5 Rac8 30. Rad1 h5 31. Bf1 h4 32. h3 Rd7 33. Nb4 Bxe3 
34. Rxe3 Rc5 35. Ra3 d5 36. Nxd5 Nxd5 37. exd5 Rcxd5 38. Qxd5 Rxd5 39. Rxd5 Ng6 
40. Rb5 Nf4 41. Ra4 Nxh3 42. gxh3 Qxf3+ 43. Kg1 Qe3+ 44. Kh1 Qf3+ 45. Kg1 Qe3+ 
46. Kh1 Qf3+ 1/2-1/2

[Event "Wednesday Night Engine Tour 11 Rd Swiss 5m+1s Starts at 2200hrs ST"]
[Site "Infinity Chess"]
[Date "2018.4.4"]
[Round "5"]
[White "klasman"]
[Black "Murx"]
[Result "1/2-1/2"]
[ECO "C50"]
[WhiteElo "2467"]
[BlackElo "2498"]
[WhiteEngine "SugaR.XPrO.1.4.64.POCNT"]
[BlackEngine "BrainFish_180329_x64_modern"]
[EventType "Swiss"]
[WhiteTeam ""]
[BlackTeam ""]
[PlyCount "82"]
[TimeControl "300+1"]

1. e4 e5 2. Nf3 Nc6 3. Bc4 Bc5 4. O-O Nf6 5. d3 d6 6. c3 a5 7. Bg5 Ba7 8. Na3 h6 
9. Bh4 O-O 10. Kh1 Qe7 11. Nc2 Be6 12. Bb5 g5 13. Nxg5 hxg5 14. Bxg5 Kg7 
15. Bxc6 bxc6 16. f4 Rh8 17. Nd4 Qe8 18. Nf5+ Bxf5 19. Bxf6+ Kxf6 20. fxe5+ Kxe5 
21. Rxf5+ Ke6 22. Qg4 Ke7 23. Raf1 Rg8 24. Qh3 Rf8 25. g4 Rb8 26. Rxa5 Rxb2 
27. Rxa7 Rh8 28. Qf3 Rbxh2+ 29. Kg1 Rh1+ 30. Qxh1 Rxh1+ 31. Kxh1 Qb8 32. Ra5 c5 
33. Rf3 Qh8+ 34. Kg2 Qxc3 35. Ra7 Qb2+ 36. Kg3 Qe5+ 37. Kh3 Qh8+ 38. Kg2 Qb2+ 
39. Kg3 Qe5+ 40. Kf2 Qd4+ 41. Kg3 Qe5+ 1/2-1/2

[Event "Wednesday Night Engine Tour 11 Rd Swiss 5m+1s Starts at 2200hrs ST"]
[Site "Infinity Chess"]
[Date "2018.4.4"]
[Round "5"]
[White "MCDermont"]
[Black "OlivierEvan"]
[Result "1/2-1/2"]
[ECO "D11"]
[WhiteElo "2546"]
[BlackElo "2469"]
[WhiteEngine "BrainFish 010418 WM_CTG"]
[BlackEngine "Houdini 6"]
[EventType "Swiss"]
[WhiteTeam ""]
[BlackTeam ""]
[PlyCount "120"]
[TimeControl "300+1"]

1. d4 d5 2. c4 c6 3. Nf3 Nf6 4. e3 e6 5. b3 c5 6. Bb2 cxd4 7. Nxd4 Nc6 
8. Nc3 Bc5 9. Rc1 Nxd4 10. exd4 Bd6 11. c5 Bf4 12. Rc2 O-O 13. g3 Bc7 
14. Bg2 Bd7 15. O-O a6 16. a3 Bc6 17. Na2 a5 18. Nc1 Bb5 19. Re1 h6 20. Nd3 Ba6 
21. Ne5 Rc8 22. Qc1 Nd7 23. Qe3 Nxe5 24. dxe5 Qg5 25. Bd4 Bd8 26. Rec1 Qf5 
27. Rc3 Bg5 28. f4 Be7 29. R1c2 g5 30. fxg5 Qxg5 31. Qe1 Qg4 32. Be3 Qg7 
33. Qd1 Qxe5 34. Bd4 Qg5 35. Rf2 f5 36. Qe1 Kf7 37. b4 axb4 38. axb4 Bc4 
39. Re3 Rce8 40. Bf3 Bf6 41. Bxf6 Kxf6 42. Re5 h5 43. Qc3 Ke7 44. Be2 Bxe2 
45. Rfxe2 Kf7 46. c6 bxc6 47. Qxc6 Qf6 48. b5 h4 49. b6 hxg3 50. hxg3 Rg8 
51. Kf1 Rxg3 52. Qxe8+ Kxe8 53. Rxe6+ Qxe6 54. Rxe6+ Kd7 55. b7 Rb3 56. Rf6 d4 
57. b8=Q Rxb8 58. Rxf5 d3 59. Ke1 Re8+ 60. Kd1 Kd6 1/2-1/2

[Event "Wednesday Night Engine Tour 11 Rd Swiss 5m+1s Starts at 2200hrs ST"]
[Site "Infinity Chess"]
[Date "2018.4.4"]
[Round "5"]
[White "Seliga"]
[Black "THE_MACHINE"]
[Result "1/2-1/2"]
[ECO "C55"]
[WhiteElo "2521"]
[BlackElo "2582"]
[WhiteEngine "SF9 ''M24''_CTG"]
[BlackEngine "BrainFish_180401_x64_bmi2"]
[EventType "Swiss"]
[WhiteTeam ""]
[BlackTeam ""]
[PlyCount "85"]
[TimeControl "300+1"]

1. e4 e5 2. Nf3 Nc6 3. Bc4 Nf6 4. d3 Bc5 5. O-O d6 6. Nc3 a5 7. h3 Nd4 8. Be3 c6 
9. a4 O-O 10. Bxd4 Bxd4 11. Nxd4 exd4 12. Ne2 Qb6 13. Bb3 Be6 14. Bxe6 fxe6 
15. c3 e5 16. cxd4 exd4 17. Ng3 c5 18. Qc2 Rae8 19. f4 Kh8 20. Rf2 Qd8 
21. Raf1 b6 22. Qb3 g6 23. Qd1 d5 24. e5 Ng8 25. Qg4 Qe7 26. b3 Nh6 27. Qd1 Kg7 
28. Qf3 Qh4 29. Re1 Nf7 30. Ree2 Kh8 31. e6 Ng5 32. Qxd5 Nxh3+ 33. gxh3 Qxg3+ 
34. Rg2 Qxf4 35. e7 Rf7 36. Rgf2 Qg3+ 37. Rg2 Qf3 38. Qd7 Qf1+ 39. Kh2 Qf4+ 
40. Kh1 Qf1+ 41. Kh2 Qf4+ 42. Kh1 Qf1+ 43. Kh2 1/2-1/2

[Event "Wednesday Night Engine Tour 11 Rd Swiss 5m+1s Starts at 2200hrs ST"]
[Site "Infinity Chess"]
[Date "2018.4.4"]
[Round "5"]
[White "RonWeasley"]
[Black "Deep_Impact"]
[Result "1/2-1/2"]
[ECO "E32"]
[WhiteElo "2535"]
[BlackElo "2539"]
[WhiteEngine "BrainFish 010418 WM_CTG"]
[BlackEngine "kt-2016.00b"]
[EventType "Swiss"]
[WhiteTeam ""]
[BlackTeam ""]
[PlyCount "88"]
[TimeControl "300+1"]

1. d4 Nf6 2. c4 e6 3. Nc3 Bb4 4. Qc2 O-O 5. e4 d5 6. e5 Ne4 7. Bd3 c5 
8. Nf3 cxd4 9. Nxd4 Nd7 10. Bf4 Ndc5 11. O-O Bxc3 12. bxc3 Bd7 13. Be2 Na4 
14. cxd5 exd5 15. c4 Rc8 16. Rfc1 Qh4 17. Be3 Qe7 18. Qb3 Nac5 19. Qa3 Qxe5 
20. cxd5 a6 21. f3 Nd6 22. Bf2 Qxd5 23. Rd1 Nc4 24. Qb4 Na4 25. Nb3 Qb5 
26. Qe7 Be6 27. Nd4 Qd5 28. Bxc4 Qxc4 29. Qxb7 Nc3 30. Re1 Rb8 31. Qa7 Ra8 
32. Qb6 Rab8 33. Qa7 Ra8 34. Qb6 Rab8 35. Qd6 Rbd8 36. Qf4 Rxd4 37. Bxd4 Ne2+ 
38. Rxe2 Qxe2 39. Bxg7 Kxg7 40. Qg5+ Kh8 41. Qf6+ Kg8 42. Qg5+ Kh8 43. Qf6+ Kg8 
44. Qg5+ Kh8 1/2-1/2

[Event "Wednesday Night Engine Tour 11 Rd Swiss 5m+1s Starts at 2200hrs ST"]
[Site "Infinity Chess"]
[Date "2018.4.4"]
[Round "5"]
[White "MarioDeMonti"]
[Black "KRAKEN"]
[Result "1/2-1/2"]
[ECO "C50"]
[WhiteElo "2534"]
[BlackElo "2568"]
[WhiteEngine "stockfish_x64_bmi2_2018_02_18_CTG"]
[BlackEngine "Raubfisch X38_CTG"]
[EventType "Swiss"]
[WhiteTeam ""]
[BlackTeam ""]
[PlyCount "111"]
[TimeControl "300+1"]

1. e4 e5 2. Nf3 Nc6 3. Bc4 Bc5 4. O-O Nf6 5. d3 d6 6. c3 O-O 7. h3 a6 8. Re1 Ba7 
9. a4 h6 10. Nbd2 Nh5 11. Nf1 Qf6 12. Ne3 Qg6 13. Nh4 Qg5 14. Nhf5 Nf4 
15. h4 Qg6 16. g3 Bxe3 17. Nxe3 Be6 18. Kh2 Nh5 19. Rg1 Nf6 20. f4 Ng4+ 
21. Nxg4 Bxg4 22. Qf1 Nb8 23. f5 Qh5 24. Rg2 Nd7 25. Rf2 Nf6 26. Kg1 Rad8 
27. Be3 d5 28. exd5 Rfe8 29. Re1 Nxd5 30. Bb3 a5 31. Bd2 b6 32. d4 e4 
33. Bxd5 Rxd5 34. f6 Re6 35. fxg7 Bf3 36. Bf4 Rf5 37. Rxf3 Qxf3 38. Qxf3 exf3 
39. Rxe6 fxe6 40. Kf2 b5 41. b3 bxa4 42. bxa4 Kxg7 43. Bxc7 Rf7 44. Bxa5 Ra7 
45. Bb4 Rxa4 46. g4 h5 47. gxh5 Kh6 48. Kxf3 Kxh5 49. Kf4 Kxh4 50. Ke5 Ra6 
51. c4 Kg5 52. c5 Kg4 53. d5 exd5 54. Kxd5 Ra2 55. c6 Ra8 56. Bd6 1/2-1/2

[Event "Wednesday Night Engine Tour 11 Rd Swiss 5m+1s Starts at 2200hrs ST"]
[Site "Infinity Chess"]
[Date "2018.4.4"]
[Round "4"]
[White "star99"]
[Black "KULLANI"]
[Result "1/2-1/2"]
[ECO "D02"]
[WhiteElo "2476"]
[BlackElo "2422"]
[WhiteEngine "Cryptic Heroes 9.2B"]
[BlackEngine "BrainFish_180329_x64"]
[EventType "Swiss"]
[WhiteTeam ""]
[BlackTeam ""]
[PlyCount "191"]
[TimeControl "300+1"]

1. d4 d5 2. Nf3 Nf6 3. c4 e6 4. Nc3 c6 5. Bg5 h6 6. Bh4 dxc4 7. e4 g5 8. Bg3 b5 
9. Ne5 h5 10. h3 Bb7 11. Be2 Nbd7 12. Qc2 Qb6 13. Rd1 h4 14. Bh2 Rd8 15. O-O Be7 
16. b3 cxb3 17. axb3 a6 18. Nxd7 Rxd7 19. e5 Nd5 20. Ne4 Kf8 21. Bg4 a5 
22. Nd6 Qd8 23. Rde1 Bxd6 24. exd6 Nf4 25. Bxf4 gxf4 26. Re4 Rxd6 27. Rxf4 Qg5 
28. Qc1 Rg8 29. Re1 Rd5 30. Bf3 Rf5 31. Rxf5 Qxf5 32. Kh1 Qg5 33. Qc2 Rg6 
34. Ra1 Kg7 35. Rxa5 e5 36. Qc5 exd4 37. Qxd4+ Qf6 38. Qxf6+ Kxf6 39. Ra7 Bc8 
40. Rc7 Be6 41. Rxc6 Kg7 42. Rc5 Bxb3 43. Rxb5 Be6 44. Kh2 Rf6 45. Rg5+ Rg6 
46. Rh5 Rh6 47. Rxh6 Kxh6 48. g3 Kg5 49. Bd1 hxg3+ 50. fxg3 f6 51. Be2 f5 
52. h4+ Kh6 53. Kg2 Bd5+ 54. Kg1 Bg8 55. Kf2 Kg7 56. Kf3 Bf7 57. Kf4 Kf6 
58. Bd3 Be6 59. Bc2 Bd7 60. Ke3 Be6 61. Bd3 Kg7 62. Kf4 Kf6 63. Ke3 Bd7 
64. Bc4 Ke5 65. Bb3 Kf6 66. Bc4 Bc6 67. Ke2 Be4 68. Bb3 Bc6 69. Kf2 Kg7 
70. Ke2 Bb5+ 71. Kf2 Bd3 72. Ke3 Be4 73. Ke2 Bb1 74. Ke3 Kg6 75. Bc4 Be4 
76. Kf4 Bb1 77. Be6 Kf6 78. Bd5 Bc2 79. Bf3 Kg6 80. Ke5 Bb1 81. Bg2 Bd3 
82. Bd5 Kh5 83. Bf3+ Kg6 84. Kf4 Kf6 85. Bc6 Be2 86. Be8 Bd3 87. Bh5 Bb5 
88. Kf3 Ba4 89. Kg2 Ke5 90. Be2 Bc6+ 91. Kf2 f4 92. g4 f3 93. Bxf3 Bd7 
94. g5 Kf4 95. Be2 Bf5 96. Bh5 1/2-1/2

[Event "Wednesday Night Engine Tour 11 Rd Swiss 5m+1s Starts at 2200hrs ST"]
[Site "Infinity Chess"]
[Date "2018.4.4"]
[Round "4"]
[White "Murx"]
[Black "SkyPilot"]
[Result "1/2-1/2"]
[ECO "C50"]
[WhiteElo "2498"]
[BlackElo "2495"]
[WhiteEngine "BrainFish_180329_x64_modern"]
[BlackEngine "stockfish_x64_bmi2_2018_03_30_CTG"]
[EventType "Swiss"]
[WhiteTeam ""]
[BlackTeam ""]
[PlyCount "104"]
[TimeControl "300+1"]

1. e4 e5 2. Nf3 Nc6 3. Bc4 Bc5 4. O-O Nf6 5. d3 d6 6. c3 O-O 7. h3 a5 8. Nbd2 h6 
9. Re1 Be6 10. a4 Ba7 11. b3 d5 12. exd5 Nxd5 13. Ne4 Bb6 14. Bd2 f5 15. Ng3 Qd6 
16. Qc2 Rae8 17. Bc1 Bc5 18. Re2 Nb6 19. d4 exd4 20. cxd4 Nxd4 21. Bxe6+ Rxe6 
22. Nxd4 Bxd4 23. Ba3 c5 24. Rd1 Re5 25. Rxe5 Qxe5 26. Ne2 Rc8 27. Nxd4 cxd4 
28. Qd2 Rd8 29. Bb2 Rd5 30. Bxd4 Qd6 31. Qc3 Nd7 32. Rd2 Qb4 33. Qxb4 axb4 
34. f3 Nc5 35. Be3 Rxd2 36. Bxd2 Nxb3 37. Bxb4 Kf7 38. g4 Nd4 39. Kg2 Ke6 
40. Bd2 fxg4 41. fxg4 Kd5 42. h4 g5 43. hxg5 hxg5 44. a5 Ne6 45. Kf3 Kd4 
46. Kf2 Kc4 47. a6 bxa6 48. Kf3 Kd3 49. Ba5 Nd4+ 50. Kf2 Nc2 51. Bb6 a5 
52. Bxa5 Nd4 1/2-1/2

[Event "Wednesday Night Engine Tour 11 Rd Swiss 5m+1s Starts at 2200hrs ST"]
[Site "Infinity Chess"]
[Date "2018.4.4"]
[Round "4"]
[White "MCDermont"]
[Black "klasman"]
[Result "1/2-1/2"]
[ECO "D11"]
[WhiteElo "2549"]
[BlackElo "2464"]
[WhiteEngine "BrainFish 010418 WM_CTG"]
[BlackEngine "SugaR.XPrO.1.4.64.POCNT"]
[EventType "Swiss"]
[WhiteTeam ""]
[BlackTeam ""]
[PlyCount "173"]
[TimeControl "300+1"]

1. d4 d5 2. c4 c6 3. Nf3 Nf6 4. e3 e6 5. b3 Bd6 6. Bb2 O-O 7. Nbd2 b6 8. Bd3 Bb7 
9. O-O Nbd7 10. Qc2 h6 11. Rfe1 Qe7 12. e4 Nxe4 13. Bxe4 dxe4 14. Nxe4 Bc7 
15. Rad1 Rac8 16. c5 f5 17. Ned2 b5 18. b4 Nf6 19. Nb3 Nd5 20. a3 Qe8 
21. Bc1 Rd8 22. Ne5 Bc8 23. f4 Nf6 24. Re3 Bxe5 25. dxe5 Rxd1+ 26. Qxd1 Nd5 
27. Rh3 Qe7 28. Rd3 Bd7 29. Bd2 Rb8 30. Qa1 Be8 31. Qd4 Qh4 32. Qa1 Qe7 
33. Qf1 Qd7 34. Qe2 Qd8 35. Qf3 Qd7 36. Nd4 Rc8 37. Nb3 Bf7 38. Nd4 Rd8 
39. Qf2 Kh7 40. Qe1 Ne7 41. h3 Qd5 42. Qg3 Bg6 43. Bc3 Qe4 44. Rd2 Re8 
45. Re2 Qd5 46. Bb2 Bf7 47. Qf2 Rd8 48. Kh2 Kg8 49. Qe3 Qd7 50. Rd2 Nd5 
51. Qg3 Ra8 52. Nb3 Kh7 53. Rd3 Qe7 54. Bc1 Rg8 55. Qf2 g5 56. Nd4 Be8 
57. Kg1 a5 58. bxa5 Qxc5 59. Bd2 Qc4 60. Rg3 Nxf4 61. Bxf4 c5 62. Ne2 Bh5 
63. h4 gxf4 64. Rxg8 Kxg8 65. Nxf4 Bf7 66. a6 Qa4 67. Kh2 Qxa6 68. Qxc5 Qb7 
69. g3 Qf3 70. Qxb5 Qxa3 71. Qb7 Qa1 72. Qc8+ Kg7 73. Nxe6+ Kh7 74. Nf8+ Kg7 
75. e6 Qa2+ 76. Kh3 Qd5 77. Qc1 Kxf8 78. exf7 Kxf7 79. Qc7+ Kg6 80. Qb6+ Kh5 
81. Kh2 Qa2+ 82. Kg1 Qe2 83. Qf6 Kg4 84. Qg6+ Kh3 85. Qxf5+ Kxg3 86. Qg6+ Kxh4 
87. Qxh6+ 1/2-1/2

[Event "Wednesday Night Engine Tour 11 Rd Swiss 5m+1s Starts at 2200hrs ST"]
[Site "Infinity Chess"]
[Date "2018.4.4"]
[Round "4"]
[White "ocirema"]
[Black "THE_MACHINE"]
[Result "1/2-1/2"]
[ECO "C55"]
[WhiteElo "2478"]
[BlackElo "2586"]
[WhiteEngine "asmFishW_2018-04-01_popcnt_CTG"]
[BlackEngine "BrainFish_180401_x64_bmi2"]
[EventType "Swiss"]
[WhiteTeam ""]
[BlackTeam ""]
[PlyCount "36"]
[TimeControl "300+1"]

1. e4 e5 2. Nf3 Nc6 3. Bc4 Nf6 4. d3 Bc5 5. O-O d6 6. c3 O-O 7. h3 a5 8. Re1 h6 
9. Nbd2 Be6 10. a4 Bxc4 11. Nxc4 Re8 12. Be3 Bxe3 13. Rxe3 d5 14. exd5 Nxd5 
15. Re4 Nf6 16. Re3 Nd5 17. Re4 Nf6 18. Re3 Nd5 1/2-1/2

[Event "Wednesday Night Engine Tour 11 Rd Swiss 5m+1s Starts at 2200hrs ST"]
[Site "Infinity Chess"]
[Date "2018.4.4"]
[Round "4"]
[White "OlivierEvan"]
[Black "Seliga"]
[Result "1/2-1/2"]
[ECO "D02"]
[WhiteElo "2467"]
[BlackElo "2523"]
[WhiteEngine "Houdini 6"]
[BlackEngine "SF9 ''M24''_CTG"]
[EventType "Swiss"]
[WhiteTeam ""]
[BlackTeam ""]
[PlyCount "88"]
[TimeControl "300+1"]

1. d4 d5 2. Nf3 Nf6 3. c4 e6 4. e3 c6 5. Nc3 Nbd7 6. Bd3 dxc4 7. Bxc4 b5 
8. Bd3 Bb7 9. a3 Bd6 10. O-O O-O 11. Qc2 Qe7 12. e4 e5 13. Ne2 Rfe8 14. Ng3 g6 
15. dxe5 Nxe5 16. Nxe5 Qxe5 17. f4 Qc5+ 18. Kh1 Qxc2 19. Bxc2 Bf8 20. Bd2 Nd7 
21. e5 c5 22. Rae1 Rac8 23. Be4 Bxe4 24. Nxe4 b4 25. g4 Red8 26. Ra1 b3 
27. Bc3 Nb6 28. a4 Rd3 29. Nf6+ Kg7 30. f5 Rcd8 31. Rf4 Rd1+ 32. Rxd1 Rxd1+ 
33. Kg2 Rc1 34. Ne8+ Kg8 35. fxg6 hxg6 36. Nf6+ Kg7 37. a5 Rxc3 38. Ne8+ Kg8 
39. axb6 Rc2+ 40. Kf3 axb6 41. Nf6+ Kg7 42. Ne8+ Kg8 43. Nf6+ Kg7 44. Ne8+ Kg8 
1/2-1/2

[Event "Wednesday Night Engine Tour 11 Rd Swiss 5m+1s Starts at 2200hrs ST"]
[Site "Infinity Chess"]
[Date "2018.4.4"]
[Round "4"]
[White "Deep_Impact"]
[Black "MarioDeMonti"]
[Result "1/2-1/2"]
[ECO "C50"]
[WhiteElo "2539"]
[BlackElo "2534"]
[WhiteEngine "kt-2016.00b"]
[BlackEngine "stockfish_x64_bmi2_2018_02_18_CTG"]
[EventType "Swiss"]
[WhiteTeam ""]
[BlackTeam ""]
[PlyCount "92"]
[TimeControl "300+1"]

1. e4 e5 2. Nf3 Nc6 3. Bc4 Bc5 4. O-O Nf6 5. d3 d6 6. c3 O-O 7. h3 a5 8. Nbd2 h6 
9. Re1 Be6 10. a4 Bb6 11. Bxe6 fxe6 12. Nc4 Bc5 13. Be3 Bxe3 14. Rxe3 Nd7 
15. Qc2 Qf6 16. Rf1 Rf7 17. Ncd2 Nc5 18. Nh2 g5 19. Rf3 Qg6 20. Rb1 Rg7 
21. Rg3 Rf8 22. Ndf3 Rf4 23. b4 Nd7 24. b5 Nd8 25. Re1 Nf7 26. Re2 h5 
27. Qa2 Nc5 28. Nd2 Qf6 29. Qc4 b6 30. d4 exd4 31. cxd4 d5 32. Qc3 Nxe4 
33. Nxe4 dxe4 34. Qxc7 Qxd4 35. Nf1 Kh7 36. Qc6 Qxa4 37. Rge3 Ne5 38. Qxe6 Qxb5 
39. Rxe4 Ng6 40. Ng3 Rxe4 41. Rxe4 Re7 42. Qf6 Rxe4 43. Qf7+ Kh8 44. Qf6+ Kh7 
45. Qf7+ Kh8 46. Qf6+ Kh7 1/2-1/2

[Event "Wednesday Night Engine Tour 11 Rd Swiss 5m+1s Starts at 2200hrs ST"]
[Site "Infinity Chess"]
[Date "2018.4.4"]
[Round "4"]
[White "KRAKEN"]
[Black "RonWeasley"]
[Result "1/2-1/2"]
[ECO "A05"]
[WhiteElo "2569"]
[BlackElo "2534"]
[WhiteEngine "Raubfisch X38_CTG"]
[BlackEngine "BrainFish 010418 WM_CTG"]
[EventType "Swiss"]
[WhiteTeam ""]
[BlackTeam ""]
[PlyCount "96"]
[TimeControl "300+1"]

1. Nf3 Nf6 2. d4 d5 3. c4 e6 4. Nc3 c6 5. Bg5 h6 6. Bxf6 Qxf6 7. e3 Nd7 
8. Be2 g6 9. O-O Be7 10. Nd2 O-O 11. Rc1 Qg7 12. Qc2 Rd8 13. a3 g5 14. h3 Nf6 
15. g4 b6 16. cxd5 cxd5 17. Nf3 Bb7 18. Qb3 Bd6 19. Nb5 Ba6 20. Kg2 Bxb5 
21. Qxb5 Qf8 22. Qa4 Kg7 23. Ne5 Bxe5 24. dxe5 Nd7 25. Rc3 Kg8 26. Qd4 Rac8 
27. Rfc1 Rxc3 28. Qxc3 Qc5 29. Qd2 Qf8 30. Qc3 Qc5 31. Qd2 Qf8 32. f4 Nc5 
33. Qd1 a5 34. Rc2 Rc8 35. Qd4 Nb3 36. Qd1 Rxc2 37. Qxc2 Nc5 38. b4 axb4 
39. axb4 Ne4 40. Qb2 gxf4 41. exf4 Qa8 42. Bd3 Nc3 43. Qf2 d4+ 44. Kh2 Qa2 
45. Kg1 Qa1+ 46. Kh2 Qa2 47. Kg1 Qa1+ 48. Kh2 Qa2 1/2-1/2

[Event "Wednesday Night Engine Tour 11 Rd Swiss 5m+1s Starts at 2200hrs ST"]
[Site "Infinity Chess"]
[Date "2018.4.4"]
[Round "3"]
[White "KillBill2017"]
[Black "SkyPilot"]
[Result "1/2-1/2"]
[ECO "C50"]
[WhiteElo "2505"]
[BlackElo "2495"]
[WhiteEngine "Raubfisch ME262_GTZ17_CTG"]
[BlackEngine "stockfish_x64_bmi2_2018_03_30_CTG"]
[EventType "Swiss"]
[WhiteTeam ""]
[BlackTeam ""]
[PlyCount "88"]
[TimeControl "300+1"]

1. e4 e5 2. Nf3 Nc6 3. Bc4 Bc5 4. O-O Nf6 5. d3 d6 6. c3 O-O 7. Bg5 h6 8. Bh4 a5 
9. a4 g5 10. Bg3 Kg7 11. Na3 Ne7 12. Re1 Ng6 13. d4 exd4 14. Nxd4 h5 15. f3 h4 
16. Bf2 Ne5 17. Bb3 Nh5 18. Nc4 Qf6 19. Ne3 Nf4 20. Rf1 Ned3 21. Qd2 c6 
22. Nef5+ Kg8 23. Be3 Re8 24. Bxf4 Nxf4 25. g3 hxg3 26. hxg3 Bxf5 27. gxf4 Bh3 
28. fxg5 Qe5 29. Rf2 d5 30. exd5 Qg3+ 31. Kh1 Bxd4 32. cxd4 Bf5 33. g6 fxg6 
34. Qh6 Kf7 35. dxc6+ Kf6 36. Rg2 Qxf3 37. Qg5+ Kg7 38. Kg1 bxc6 39. Rf1 Qxb3 
40. Qxf5 Qe3+ 41. Rff2 Qc1+ 42. Rf1 Qe3+ 43. Rff2 Qe1+ 44. Rf1 Qe3+ 1/2-1/2